 Dungeon Crawl Stone Soup version 0.26.1 (webtiles) character file.

Game seed: 1574507182167075382

11 Descartes the Sneak (level 2, 0/14 HPs)
             Began as a Felid Delver on Feb 5, 2021.
             Slain by an adder (2 damage)
             ... on level 3 of the Dungeon.
             The game lasted 00:01:59 (246 turns).

Descartes the Sneak (Felid Delver)                   Turns: 246, Time: 00:01:59

Health: 0/14       AC:  1    Str:  8    XL:     2   Next: 13%
Magic:  3/3        EV: 18    Int: 11    God:
Gold:   15         SH:  0    Dex: 17    Spells: 1/1 levels left
                                        Lives:  0   Deaths: 0

rFire    . . .     SeeInvis +     - Unarmed
rCold    . . .     Faith    .   (shield unavailable)
rNeg     . . .     Spirit   .   (armour unavailable)
rPois    .         Reflect  .   (helmet unavailable)
rElec    .         Harm     .   (cloak unavailable)
rCorr    .         Rampage  .   (gloves unavailable)
Will     .....                  (boots unavailable)
Stlth    ++++......             (no amulet)
HPRegen  0.04/turn              (no ring)
MPRegen  0.08/turn              (no ring)

@: lethally poisoned (0 -> -8), quick
A: very small, no armour, no weapons or thrown items, stealth, claws 1, fangs 3,
see invisible, speed 1, shaggy fur 1, sharp paws
a: no special abilities


You were on level 3 of the Dungeon.
You visited 1 branch of the dungeon, and saw 3 of its levels.

You collected 15 gold pieces.

Inventory:

Wands
 e - a wand of digging (3)
Scrolls
 a - a scroll of fog
 b - a scroll of magic mapping
 c - a scroll of fear
 g - a scroll of identify {unknown}
Potions
 d - a potion of haste
 f - 2 potions of attraction {unknown}


   Skills:
 - Level 3.0 Fighting
 - Level 2.6 Dodging
 + Level 7.3 Stealth
 - Level 2.0 Unarmed Combat


You had one spell level left.
You didn't know any spells.
Your spell library was empty.

Dungeon Overview and Level Annotations

Branches:
Dungeon (5/15)             Temple (0/1) D:4

Altars:
The Shining One

Annotations:
D:3 Jessica


Innate Abilities, Weirdness & Mutations

You cannot wear armour.
You are incapable of wielding weapons or throwing items.
Your paws allow you to move quietly. (Stealth)
You have sharp claws.
You have razor-sharp teeth.
You have supernaturally acute eyesight. (SInv)
You cover ground quickly.
You are covered in fur. (AC +1)
Your sharp claws are effective at attacking unaware monsters.


Message History

The jackal completely misses you. The jackal bites you.
The bat hits you but does no damage. The adder bites you.
You are poisoned.
The adder poisons you!
You feel sick.
You miss the adder. The adder bites you.
You completely miss the adder. The adder completely misses you.
You closely miss the adder.
You feel sick. The adder barely misses you.
Jessica gestures wildly while chanting.
Jessica blinks!
The adder closely misses you.
You scratch the adder.
The adder is heavily wounded.
The adder bites you.
* * * LOW HITPOINT WARNING * * *
You are more poisoned.
The adder poisons you!
You scratch the adder.
The adder is severely wounded.
The adder bites you.
You die...

### ##.. #####.#
##### #..@Sb#
.....#
#.###.###.....#
#....†........#
#..####.#.....#
.....####.#.....#
....g............
###.#####.###.###
#.# #.#


You could see an adder and a bat.

Vanquished Creatures
  An adder (D:4)
  A jackal (D:3)
2 creatures vanquished.

Notes
Turn   | Place    | Note
-------+----------+-------------------------------------------
     0 | D:5      | Descartes the Felid Delver began the quest for the Orb.
     0 | D:5      | Reached XP level 1. HP: 10/10 MP: 2/2
    32 | D:4      | Found a staircase to the Ecumenical Temple.
    48 | D:4      | Noticed a quasit
    52 | D:4      | Reached skill level 7 in Stealth
    52 | D:4      | Reached XP level 2. HP: 14/14 MP: 3/3
   218 | D:4      | Found a glowing golden altar of the Shining One.
   230 | D:3      | Noticed Jessica
   246 | D:3      | Slain by an adder

Illustrated notes

Levels and vault maps discovered:
D:3:      layout_loops_ring, grunt_temple_overflow_gold_and_silver,
          fedhas_altar_2, led_xom_imps, uniq_robin, uniq_jessica, uniq_grinder
D:4:      cheibrodos_quashed, layout_layer_cave, nzn_hepliaklqana_mist_gate,
          lemuel_round_altar, minmay_temple_entry_water_ring, serial_forest,
          infiniplex_forest_clump_C, infiniplex_forest_lined_3_way,
          infiniplex_forest_clump_C, infiniplex_forest_clump_tiny,
          infiniplex_forest_end_2, infiniplex_forest_lined_corner,
          infiniplex_forest_clump_diagonal, infiniplex_forest_straight_4,
          infiniplex_forest_end_2
D:5:      layout_cave_pods, serial_park, serial_park_fountain,
          serial_park_tiny_pond, kennysheep_opposing_triangles

Skill      XL: |  1 |
---------------+----+-----
Stealth        | 7 |  7.3
Fighting       | |  3.0
Dodging        | |  2.6
Unarmed Combat | |  2.0

Action                   || total
-------------------------++-------
Melee: Unarmed           ||    10
 Stab: Sleeping          ||     1
Armor: Skin              ||     1
Dodge: Dodged            ||    15
